 Dungeon Crawl Stone Soup version 0.31.0-32-g396128a36d (webtiles) character file.

Game seed: 18148554526881807643

4 PaiMei the Grave Robber (level 1, -10/13 HPs)
             Began as a Demonspawn Necromancer on Mar 11, 2024.
             Mangled by a sleepcap (16 damage)
             ... on level 2 of the Dungeon.
             The game lasted 00:00:36 (190 turns).

PaiMei the Grave Robber (Demonspawn Necromancer)     Turns: 190, Time: 00:00:37

Health: -10/13     AC:  2    Str:  8    XL:     1   Next: 50%
Magic:  3/3        EV:  2    Int: 15    God:
Gold:   0          SH:  0    Dex: 13    Spells: 3/4 levels left

rFire   . . .        (no weapon)
rCold   . . .        (no shield)
rNeg    . . .        a - +0 robe
rPois   .            (no helmet)
rElec   .            (no cloak)
rCorr   .            (no gloves)
SInv    .            (no boots)
Will    .....        (no amulet)
Stlth   ++           (no ring)
HPRegen 0.22/turn    (no ring)
MPRegen 0.08/turn

%: no passive effects
@: sleeping
A: no striking features
a: no special abilities


You were on level 2 of the Dungeon.
You visited 1 branch of the dungeon, and saw 2 of its levels.

Inventory:

Armour
 a - a +0 robe (worn)
Scrolls
 d - a scroll of acquirement {unknown}
Potions
 b - a potion of magic
 c - a potion of haste {unknown}


   Skills:
 + Level 1.8 Dodging
 + Level 1.9 Stealth
 + Level 2.0 Spellcasting
 + Level 4.4 Necromancy


You had 3 spell levels left.
You knew the following spells:

 Your Spells              Type           Power      Damage    Failure   Level
a - Necrotise             Necr           56%        1d6       3%          1

Your spell library contained the following spells:

 Spells                   Type           Power      Damage    Failure   Level
 Vampiric Draining        Necr           14%        2d7       11%         3
 Animate Dead             Necr           14%        N/A       34%         4
 Curse of Agony           Necr           14%        N/A       69%         5


Dungeon Overview and Level Annotations

Branches:
Dungeon (1/15)

Altars:


Message History

Confirm with . or Enter, or press ? or * to list all spells.
You don't have enough magic to cast this spell.
Magic restored.
A quokka comes into view.
Found a scroll labelled AFOFYOSSOU.
Casting: Necrotise (safe; 3% risk of failure)
Confirm with . or Enter, or press ? or * to list all spells.
Aiming: Necrotise (safe; 3% risk of failure)
Press: ? - help, Shift-Dir - straight line, f - quokka
Aim: a quokka (chance to affect: 84%)
The quokka writhes in agony.
Casting: Necrotise (safe; 3% risk of failure)
Confirm with . or Enter, or press ? or * to list all spells.
Aiming: Necrotise (safe; 3% risk of failure)
Press: ? - help, Shift-Dir - straight line, f/p - quokka
Aim: a quokka (severely wounded, chance to affect: 84%)
The quokka writhes in agony.
You kill the quokka!
The dead are hopping!
Casting: Necrotise (safe; 3% risk of failure)
Confirm with . or Enter, or press ? or * to list all spells.
You can't see any susceptible monsters within range! (Use Z to cast anyway.)
Casting: Necrotise (safe; 3% risk of failure)
Confirm with . or Enter, or press ? or * to list all spells.
You can't see any susceptible monsters within range! (Use Z to cast anyway.)
Casting: Necrotise (safe; 3% risk of failure)
Confirm with . or Enter, or press ? or * to list all spells.
You can't see any susceptible monsters within range! (Use Z to cast anyway.)
Your quokka skeleton crumbles into dust!
A sleepcap comes into view.
You see here a scroll labelled AFOFYOSSOU.
Found a scroll labelled WOPAJU CIBIBU.
d - a scroll labelled WOPAJU CIBIBU The sleepcap attacks as it pursues you!
The sleepcap releases spores at you!
Ouch! That really hurt!
You are engulfed in a cloud of soporific spores!
You fall asleep.
The sleepcap releases spores at you!
Ouch! That really hurt!
You die...

#.# #.# #.#
#.#######
#.......####.#
#.####.......#
#.####f.######
#.f..#..#
#@##.#..#
#.##.#..#
#.......#
####.#.##
#.#.# #.#.#
#.#.#
#######.#.#
#.........#


You could see a sleepcap.

Vanquished Creatures
  A dart slug (D:2)
  A quokka (D:2)
2 creatures vanquished.

Notes
Turn   | Place    | Note
-------+----------+-------------------------------------------
     0 | D:1      | PaiMei the Demonspawn Necromancer began the quest for the
                  | Orb.
     0 | D:1      | Reached XP level 1. HP: 13/13 MP: 3/3
    42 | D:1      | You fall into a shaft and drop 1 floor!
   132 | D:2      | Noticed a sleepcap
   190 | D:2      | Mangled by a sleepcap

Illustrated notes

Levels and vault maps discovered:
D:1:      minmay_arrival_arboretum_large, layout_loops_ring
D:2:      kennysheep_big_flooded_room, layout_loops_ring,
          uniq_crazy_yiuf_cottage, uniq_natasha

Action                     || total
---------------------------++-------
   Cast: Necrotise         ||     5
 Armour: Robe              ||     2
  Dodge: Dodged            ||     1
